 Dungeon Crawl Stone Soup version 0.21.1-1-g345015fe64 (webtiles) character file.

134 Lothor the Stinger (level 5, -2/31 HPs)
             Began as an Octopode Venom Mage on Mar 24, 2018.
             Killed by nerve-wracking pain
             ... invoked by an orc priest
              (6 damage)
             ... on level 3 of the Dungeon.
             The game lasted 00:07:37 (2036 turns).

Lothor the Stinger (Octopode Venom Mage)            Turns: 2036, Time: 00:07:37

Health: -2/31      AC:  1    Str:  7    XL:     5   Next: 17%
Magic:  2/10       EV: 13    Int: 19    God:
Gold:   78         SH:  0    Dex: 12    Spells: 4/11 levels left

rFire    . . .     SeeInvis .   n - +2 quarterstaff (chaos)
rCold    . . .     Gourm    .   (shield currently unavailable)
rNeg     . . .     Faith    .   (helmet restricted)
rPois    .         Spirit   .   (no amulet)
rElec    .         Reflect  .   (no ring)
rCorr    .         Harm     .   (no ring)
MR       .....                  (no ring)
Stlth    +++.......             (no ring)
HPRegen  0.10/turn              (no ring)
MPRegen  0.12/turn              (no ring)
                                (no ring)
                                (no ring)

@: no status effects
A: almost no armour, stealthy swim, amphibious, 8 rings, constrict 8, camouflage
1, gelatinous body 1
a: no special abilities


You were on level 3 of the Dungeon.
You were not hungry.

You visited 1 branch of the dungeon, and saw 3 of its levels.

You collected 78 gold pieces.

Inventory:

Hand Weapons
 e - a +0 short sword
 n - a +2 quarterstaff of chaos (weapon)
Missiles
 c - 4 poisoned javelins (quivered)
Scrolls
 d - a scroll of enchant armour {unknown}
 f - a scroll of random uselessness {unknown}
 g - a scroll of blinking {unknown}
 h - 2 scrolls of teleportation {unknown}
 i - a scroll of remove curse {unknown}
 o - a scroll of identify {unknown}
Potions
 j - a potion of agility {unknown}
 k - a potion of curing {unknown}
 l - a potion of degeneration {unknown}
 p - a potion of haste {unknown}
Books
 a - a Young Poisoner's Handbook

   Spells                             Type                      Level
   a - Sting                          Conjuration/Poison           1
   b - Poisonous Vapours              Poison/Air                   2
   c - Mephitic Cloud                 Conjuration/Poison/Air       3
   d - Olgreb's Toxic Radiance        Poison                       4
   e - Venom Bolt                     Conjuration/Poison           5
Comestibles
 b - 4 rations
 m - 5 chunks of flesh


   Skills:
 + Level 0.5 Short Blades
 + Level 2.2 Dodging
 + Level 2.9 Stealth
 + Level 3.6 Spellcasting
 + Level 1.7 Conjurations
 + Level 4.6 Poison Magic


You had 4 spell levels left.
You knew the following spells:

 Your Spells              Type           Power        Failure   Level  Hunger
a - Sting                 Conj/Pois      ###.         3%          1    None
b - Poisonous Vapours     Pois/Air       ##....       9%          2    ##.....
c - Olgreb's Toxic Radia  Pois           ###.....     21%         4    ####...


Dungeon Overview and Level Annotations

Branches:
Dungeon (3/15)

Altars:
Gozag
Qazlal


Innate Abilities, Weirdness & Mutations

You cannot wear most types of armour.
You are very stealthy in the water. (Stealth+)
You are amphibious.
You can wear up to eight rings at the same time.
You can use your tentacles to constrict eight enemies at once.
Your skin changes colour to match your surroundings (Stealth+).
Your rubbery body absorbs attacks. (AC +1, EV +1)


Message History

Confirm with . or Enter, or press ? or * to list all spells.
Aiming: Sting
Press: ? - help, Shift-Dir - straight line, f/p - orc priest
Aim: an orc priest, wielding a dagger and wearing a ring mail (severely wounded)
The sting hits the orc priest.
The orc priest is poisoned.
The orc priest is severely wounded.
The orc priest invokes the aid of Beogh against you.
Beogh smites you!
Ouch! That really hurt!
* * * LOW HITPOINT WARNING * * *
Casting: Sting
Confirm with . or Enter, or press ? or * to list all spells.
Aiming: Sting
Press: ? - help, Shift-Dir - straight line, f/p - orc priest
Aim: an orc priest, wielding a dagger and wearing a ring mail (severely wounded, poisoned)
The sting hits the orc priest.
The orc priest appears unharmed.
The orc priest is severely wounded.
The orc priest mumbles some strange prayers to Beogh against you.
Pain shoots through your body!
You die...

######################
.......†)....o..@....#
####################.#
####################.#
....................>#
####.############.##.#
#.# #.##.# #.# #.##.#
#.# ######.##.# #.#
#......##.#


You could see an orc priest.

Vanquished Creatures
  Crazy Yiuf (D:3)
  An adder (D:3)
  4 gnolls (D:3)
  An ooze (D:3)
  A worm (D:2)
  A leopard gecko (D:3)
  2 orcs (D:3)
  5 bats
  2 giant cockroaches
  9 goblins
  4 hobgoblins (D:2)
  3 jackals (D:3)
  6 kobolds
  3 frilled lizards
  6 rats
49 creatures vanquished.

Notes
Turn   | Place    | Note
-------+----------+-------------------------------------------
     0 | D:1      | Lothor the Octopode Venom Mage began the quest for the Orb.
     0 | D:1      | Reached XP level 1. HP: 11/11 MP: 3/3
   185 | D:1      | Reached XP level 2. HP: 17/17 MP: 1/5
   402 | D:1      | Reached skill level 4 in Poison Magic
   735 | D:2      | Reached XP level 3. HP: 20/21 MP: 3/6
   753 | D:2      | Learned a level 2 spell: Poisonous Vapours
  1031 | D:2      | Found an opulent altar of Gozag.
  1261 | D:3      | Found a stormy altar of Qazlal.
  1361 | D:3      | Found a runed door.
  1365 | D:3      | Noticed Crazy Yiuf
  1373 | D:3      | Killed Crazy Yiuf
  1373 | D:3      | Reached XP level 4. HP: 16/27 MP: 2/9
  1546 | D:3      | Learned a level 4 spell: Olgreb's Toxic Radiance
  1616 | D:3      | Reached XP level 5. HP: 8/31 MP: 2/10
  2036 | D:3      | Killed from afar by an orc priest

Skill      XL: |  1  2  3 |
---------------+----------+-----
Poison Magic   | 4 |  4.6
Spellcasting   | 3 |  3.6
Short Blades   | |  0.5
Dodging        | |  2.2
Stealth        | |  2.9
Conjurations   | |  1.7

Action                   |  1- 3 |  4- 6 || total
-------------------------+-------+-------++-------
Melee: Short sword       |    21 |       ||    21
       Constrict         |     4 |     1 ||     5
       Club              |     1 |       ||     1
       Tentacles         |     3 |       ||     3
       Quarterstaff      |       |     3 ||     3
 Cast: Sting             |    54 |    29 ||    83
       Poisonous Vapours |     2 |       ||     2
  Eat: Chunk             |     2 |     2 ||     4
Armor: Skin              |     2 |       ||     2
Dodge: Dodged            |    18 |     4 ||    22
